 Dungeon Crawl Stone Soup version 0.29-a0-857-g9b1aa3ac5b (webtiles) character file.

Game seed: 14642415026463023713

31 Zonian the Chiller (level 3, 0/36 HPs)
             Began as a Demonspawn Ice Elementalist on July 16, 2022.
             Succumbed to an adder's poison
             ... on level 2 of the Dungeon.
             The game lasted 00:02:02 (1719 turns).

Zonian the Chiller (Demonspawn Ice Elementalist)    Turns: 1719, Time: 00:02:03

Health: 0/36       AC:  2    Str:  8    XL:     3   Next: 7%
Magic:  3/6        EV: 12    Int: 16    God:
Gold:   16         SH:  0    Dex: 15    Spells: 5/6 levels left

rFire   . . .      SeeInvis .   c - +0 dagger
rCold   . . .      Faith    .   (no shield)
rNeg    . . .      Spirit   .   a - +0 robe
rPois   .          Reflect  .   (no helmet)
rElec   .          Harm     .   (no cloak)
rCorr   .          Rampage  .   (no gloves)
Will    .....                   (no boots)
Stlth   ..........              (no amulet)
HPRegen 0.12/turn               (no ring)
MPRegen 0.10/turn               (no ring)

@: berserking (expiring), lethally poisoned (0 -> -4), very quick
A: demonic magic 1
a: no special abilities


You were on level 2 of the Dungeon.
You visited 1 branch of the dungeon, and saw 2 of its levels.

You collected 16 gold pieces.

Inventory:

Hand Weapons
 c - a +0 dagger (weapon)
 e - a +0 whip
 h - a +0 sling
 i - a +0 short sword
Armour
 a - a +0 robe (worn)
 g - an orb of energy
Potions
 b - a potion of magic
 f - 2 potions of attraction


   Skills:
 + Level 2.2 Dodging
 + Level 2.3 Stealth
 + Level 2.3 Spellcasting
 + Level 3.8 Ice Magic


You had 5 spell levels left.
You knew the following spells:

 Your Spells              Type           Power      Damage    Failure   Level
a - Freeze                Ice            56%        1d7       4%          1

Your spell library contained the following spells:

 Spells                   Type           Power      Damage    Failure   Level
 Frozen Ramparts          Ice            28%        1d4       12%         3
 Ozocubu's Armour         Ice            14%        N/A       12%         3
 Hailstorm                Conj/Ice       8%         3d4       65%         4


Dungeon Overview and Level Annotations

Branches:
Dungeon (2/15)

Altars:


Innate Abilities, Weirdness & Mutations

Spells you cast may paralyse adjacent enemies.


Message History

The adder bites you.
Unknown command.
Casting: Freeze (safe; 4% risk of failure)
Confirm with . or Enter, or press ? or * to list all spells.
Aiming: Freeze (safe; 4% risk of failure)
Press: ? - help, Shift-Dir - straight line, f - adder
Aim: an adder (moderately wounded)
You freeze the adder.
The adder is heavily wounded.
The adder seems to slow down.
Malevolent energies surge around you.
The adder suddenly stops moving!
* * * LOW HITPOINT WARNING * * *
You feel sick.
Casting: Freeze (safe; 4% risk of failure)
Confirm with . or Enter, or press ? or * to list all spells.
Aiming: Freeze (safe; 4% risk of failure)
Press: ? - help, Shift-Dir - straight line, f/p - adder
Aim: an adder (heavily wounded, paralysed)
You freeze the adder.
The adder is severely wounded.
Malevolent energies surge around you.
* * * LOW HITPOINT WARNING * * *
You feel sick.
The helpless adder fails to defend itself.
You puncture the adder!
You kill the adder!
* * * LOW HITPOINT WARNING * * *
You feel sick.
You have reached level 3!
Your experience leads to an increase in your attributes!
Increase (S)trength, (I)ntelligence, or (D)exterity?
You feel agile. x2
It was a potion of berserk rage.
A red film seems to cover your vision as you go berserk!
You feel yourself moving faster!
You feel mighty!
* * * LOW HITPOINT WARNING * * *
You feel sick.
You feel a strong urge to attack something.
You see here a scroll of identify.
You die...

#############.
#.........[...
#..............
###..............
.................
.......†.........
...............>
..[.##..?....## .
#..@....#
#...<...+
#.......#
+.?..........
#############
#...........


There were no monsters in sight!

Vanquished Creatures
  An adder (D:2)
  2 ball pythons (D:1)
  An endoplasm (D:2)
  2 goblins (D:1)
  5 jackals (D:1)
  3 quokkas (D:1)
  A bat (D:1)
  A frilled lizard (D:1)
  4 kobolds (D:1)
  A rat (D:1)
21 creatures vanquished.

Notes
Turn   | Place    | Note
-------+----------+-------------------------------------------
     0 | D:1      | Zonian the Demonspawn Ice Elementalist began the quest for
                  | the Orb.
     0 | D:1      | Reached XP level 1. HP: 13/13 MP: 3/3
   547 | D:1      | Gained mutation: Spells you cast may paralyse adjacent
                  | enemies. [demonic ancestry]
   547 | D:1      | Reached XP level 2. HP: 15/19 MP: 3/5
  1717 | D:2      | Reached XP level 3. HP: 1/24 MP: 3/6
  1717 | D:2      | HP: 1/36 [poisoned by an adder]
  1719 | D:2      | Succumbed to an adder's poison

Illustrated notes

Levels and vault maps discovered:
D:1:      roderic_octagonal_star, layout_basic
D:2:      layout_basic

Skill      XL: |  1 |
---------------+----+-----
Dodging        | 2 |  2.2
Stealth        | 2 |  2.3
Spellcasting   | |  2.3
Ice Magic      | |  3.8

Action                   || total
-------------------------++-------
Melee: Dagger            ||    45
       Unarmed           ||     1
 Cast: Freeze            ||    12
  Use: Scroll            ||     1
       Potion            ||     1
 Stab: Sleeping          ||     6
       Paralysed         ||     1
Armor: Robe              ||    10
Dodge: Dodged            ||    25

Table legend: (Time is in decaauts)
 A = Elapsed time spent in this place.
 B = Non-inter-level travel time spent in this place.
 C = Inter-level travel time spent in this place.
 D = Time resting spent in this place.
 E = Time spent auto-exploring this place.
 F = Levels seen in this place.
 G = Mean time per level.
                   A        B        C        D        E       F      G
               +--------+--------+--------+--------+--------+-----+--------+
         Total |   1718 |   1669 |     49 |    638 |    857 |   2 |  859.0 |
       Dungeon |   1718 |   1669 |     49 |    638 |    857 |   2 |  859.0 |
               +--------+--------+--------+--------+--------+-----+--------+

Top non-repeatable levels by time:
     D:1: 1703 daAuts
     D:2: 15 daAuts
